 Dungeon Crawl Stone Soup version 0.26-a0-257-g47e9e61525 (webtiles) character file.

Game seed: 234600419955157911

52 BritishOli the Skirmisher (level 3, 0/29 HPs)
             Began as a Demonspawn Fighter on July 10, 2020.
             Succumbed to an adder's poison
             ... on level 2 of the Dungeon.
             The game lasted 00:00:41 (1145 turns).

BritishOli the Skirmisher (Demonspawn Fighter)      Turns: 1145, Time: 00:00:42

Health: 0/29       AC:  6    Str: 17    XL:     3   Next: 60%
Magic:  3/3        EV:  7    Int:  9    God:
Gold:   64         SH:  9    Dex: 12    Spells: 2/2 levels left

rFire    . . .     SeeInvis .   a - +0 long sword
rCold    . . .     Faith    .   c - +0 kite shield
rNeg     . . .     Spirit   .   b - +0 scale mail
rPois    .         Reflect  .   (no helmet)
rElec    .         Harm     .   (no cloak)
rCorr    .                      (no gloves)
MR       .....                  (no boots)
Stlth    ..........             (no amulet)
HPRegen  0.09/turn              (no ring)
MPRegen  0.08/turn              (no ring)

@: lethally poisoned (0 -> -6)
A: hooves 1
a: no special abilities


You were on level 2 of the Dungeon.
You were not hungry.

You visited 1 branch of the dungeon, and saw 2 of its levels.

You collected 64 gold pieces.

Inventory:

Hand Weapons
 a - a +0 long sword (weapon)
Armour
 b - a +0 scale mail (worn)
 c - a +0 kite shield (worn)
Scrolls
 e - a scroll of enchant armour {unknown}
 h - 2 scrolls of amnesia {unknown}
 i - a scroll of random uselessness {unknown}
 j - a scroll of fear {unknown}
 k - a scroll of remove curse {unknown}
Potions
 d - a potion of might
 g - a potion of curing {unknown}
 l - a potion of stabbing {unknown}
 m - a potion of degeneration {unknown}
Comestibles
 f - 13 rations


   Skills:
 + Level 3.4 Fighting
 + Level 2.3 Long Blades
 + Level 3.2 Armour
 + Level 3.1 Shields


You had 2 spell levels left.
You didn't know any spells.
Your spell library was empty.

Dungeon Overview and Level Annotations

Branches:
Dungeon (2/15)

Altars:
Zin


Innate Abilities, Weirdness & Mutations

You have large cloven feet.


Message History

You closely miss the rat. You barely miss the rat. You kick the rat.
You kill the rat!
* * * LOW HITPOINT WARNING * * *
You feel sick.
You hit the worm. You kick the worm.
The worm is lightly wounded.
* * * LOW HITPOINT WARNING * * *
You feel sick.
You hit the worm. You kick the worm.
The worm is heavily wounded.
* * * LOW HITPOINT WARNING * * *
You feel sick. You block the worm's attack.
You barely miss the worm.
The worm is moderately wounded.
* * * LOW HITPOINT WARNING * * *
You feel sick. You block the worm's attack.
You completely miss the worm.
The worm is moderately wounded.
You die...

###################
##.................#
###...........######.#
....#.........# #.#
.....###......#### #.#
##...##..........# #.#
.....[.........#.# #.#
.##..###.##...<#@# #†#
.##..###.##....#w###.#
.##.......>..........#
.##.##.#.##.?..#.#####
.##.<..# .........
###....# ...#....$
#...#### ##.$......
#.#....# .........
..####.# #..#......


You could see a worm.

Vanquished Creatures
  2 adders (D:2)
  2 worms (D:2)
  2 dart slugs
  2 leopard geckos (D:2)
  4 bats
  A giant cockroach (D:2)
  A goblin (D:1)
  3 hobgoblins
  A kobold (D:1)
  2 frilled lizards (D:1)
  2 rats (D:2)
22 creatures vanquished.

Notes
Turn   | Place    | Note
-------+----------+-------------------------------------------
     0 | D:1      | BritishOli the Demonspawn Fighter began the quest for the
                  | Orb.
     0 | D:1      | Reached XP level 1. HP: 18/18 MP: 1/1
   238 | D:1      | Gained mutation: You have large cloven feet. [demonic
                  | ancestry]
   238 | D:1      | Reached XP level 2. HP: 24/24 MP: 2/2
   485 | D:1      | Found a glowing silver altar of Zin.
  1009 | D:2      | Reached XP level 3. HP: 19/29 MP: 3/3
  1144 | D:2      | HP: 1/29 [poisoned by an adder]
  1145 | D:2      | Succumbed to an adder's poison

Illustrated notes

Levels and vault maps discovered:
D:1:      dpeg_arrival_water_altar, layout_rooms, hangedman_decor_growths
D:2:      layout_loops_ring, st_stairs_9

Skill      XL: |  1  2 |
---------------+-------+-----
Long Blades    | 2 |  2.3
Armour         | 3 |  3.2
Shields        | 3 |  3.1
Fighting       | |  3.4

Action                   || total
-------------------------++-------
Melee: Long sword        ||    84
       Kick              ||    24
  Eat: Ration            ||     1
Armor: Scale mail        ||    33
Dodge: Dodged            ||    19
Block: Kite shield       ||    48
       Rpst.: Long sword ||     7

Table legend:
 A = Non-vault XP
 B = Vault XP
 C = Vault XP percentage of total XP
 D = Non-vault monster count
 E = Vault monster count
 F = Vault count percentage of total count
                 A         B        C        D         E       F
            +---------+---------+-------+---------+---------+-------
      Total |      75 |       0 |   0.0 |      22 |       0 |   0.0
            +---------+---------+-------+---------+---------+-------
        D:1 |      20 |       0 |   0.0 |      10 |       0 |   0.0
        D:2 |      55 |       0 |   0.0 |      12 |       0 |   0.0
            +---------+---------+-------+---------+---------+-------
